 Dungeon Crawl Stone Soup version 0.21.0 (webtiles) character file.

16 tidbits the Digger (level 2, 8/20 HPs)
             Began as a Draconian Earth Elementalist on Jan 6, 2018.
             Quit the game on level 5 of the Dungeon.
             The game lasted 00:02:10 (302 turns).

tidbits the Digger (Draconian Earth Elementalist)    Turns: 302, Time: 00:02:10

Health: 8/20       AC:  5    Str: 10    XL:     2   Next: 41%
Magic:  3/5        EV: 12    Int: 15    God:
Gold:   8          SH:  0    Dex: 11    Spells: 2/5 levels left

rFire    . . .     SeeInvis .   f - +0 flail
rCold    . . .     Gourm    .   (no shield)
rNeg     . . .     Faith    .   (armour unavailable)
rPois    .         Spirit   .   (helmet restricted)
rElec    .         Reflect  .   (no cloak)
rCorr    .         Harm     .   G - +0 pair of gloves
MR       .....                  (no boots)
Stlth    ++........             (no amulet)
HPRegen  0.06/turn              (no ring)
MPRegen  0.09/turn              (no ring)

@: no status effects
A: unfitting armour, cold-blooded, AC +4
a: no special abilities


You were on level 5 of the Dungeon.
You were not hungry.

You visited 1 branch of the dungeon, and saw 5 of its levels.

You collected 8 gold pieces.

Inventory:

Hand Weapons
 e - a +0 hunting sling
 f - a +0 flail (weapon)
Missiles
 a - 2 tomahawks
 b - 18 stones (quivered)
Armour
 G - a +0 pair of gloves (worn)
Books
 d - a book of Geomancy

   Spells                             Type                      Level
   a - Sandblast                      Earth                        1
   b - Passwall                       Transmutation/Earth          2
   c - Stone Arrow                    Conjuration/Earth            3
   d - Petrify                        Transmutation/Earth          4
   e - Lee's Rapid Deconstruction     Earth                        5
Comestibles
 c - 2 rations


   Skills:
 + Level 2.0 Dodging
 + Level 2.1 Stealth
 + Level 2.2 Spellcasting
 - Level 1.0 Transmutations
 + Level 3.2 Earth Magic


You had 2 spell levels left.
You knew the following spells:

 Your Spells              Type           Power        Failure   Level  Hunger
a - Sandblast             Erth           ##....       6%          1    #......
p - Passwall              Tmut/Erth      #.........   14%         2    ###....


Dungeon Overview and Level Annotations

Branches:
Dungeon (5/15)
 Temple: D:4-7

Altars:


Innate Abilities, Weirdness & Mutations

Your plain brown scales are hard. (AC +4)
You cannot fit into any form of body armour.
You are cold-blooded and may be slowed by cold attacks.


Message History

You miscast Sandblast.
Nothing appears to happen.
The orc misses you.
Casting: Sandblast
Confirm with . or Enter, or press ? or * to list all spells.
Aiming: Sandblast
Press: ? - help, Shift-Dir - straight line, f/p - orc
Aim: an orc, wielding a flail The blast of sand hits the orc.
You kill the orc!
b - 23 stones
Casting: Sandblast
Confirm with . or Enter, or press ? or * to list all spells.
Aiming: Sandblast
Press: ? - help, Shift-Dir - straight line, f - jackal
Aim: a jackal The blast of sand misses the jackal.
b - 22 stones The jackal closely misses you.
The jackal barely misses you.
Casting: Sandblast
Confirm with . or Enter, or press ? or * to list all spells.
Aiming: Sandblast
Press: ? - help, Shift-Dir - straight line, f/p - jackal
Aim: a jackal The blast of sand hits the jackal.
You kill the jackal!
b - 21 stones
Things that are here:
a flail; a jackal corpse
f - a flail Unknown command.
A jackal comes into view.
The jackal barks! 2 jackals come into view.
There is a stone staircase leading down here.
The jackal barks! x2
You climb downwards.
There is a stone staircase leading up here.
A phantom comes into view.
Casting: Sandblast
Confirm with . or Enter, or press ? or * to list all spells.
Aiming: Sandblast
Press: ? - help, Shift-Dir - straight line, f - phantom
Aim: a phantom The blast of sand misses the phantom.
b - 20 stones Wield which item (- for none, * to show all)? (? for menu, Esc to quit)
f - a +0 flail (weapon)
Casting: Sandblast
Confirm with . or Enter, or press ? or * to list all spells.
Aiming: Sandblast
Press: ? - help, Shift-Dir - straight line, f/p - phantom
Aim: a phantom The blast of sand hits the phantom.
The phantom is moderately damaged.
b - 19 stones The phantom blinks!
Casting: Sandblast
Confirm with . or Enter, or press ? or * to list all spells.
Aiming: Sandblast
Press: ? - help, Shift-Dir - straight line, f/p - phantom
Aim: a phantom (moderately damaged)
The blast of sand hits the phantom.
The phantom is moderately damaged.
b - 18 stones You barely miss the phantom.
Your tail-slap misses the phantom.
The phantom is moderately damaged.
The phantom hits you.
The phantom hits you but does no damage.
Your magical contamination has completely faded away.
You hit the phantom.
The phantom is moderately damaged.
The phantom completely misses you.
You barely miss the phantom.
The phantom is moderately damaged.
The phantom hits you but does no damage.
The phantom hits you!
* * * LOW HITPOINT WARNING * * *
The phantom blinks!
An orc comes into view. It is wielding a short sword.
The phantom blinks!
Found a stone staircase leading down.
An adder skeleton comes into view.
There is a stone staircase leading down here.
You climb downwards. 2 adders come into view.
The adder hisses angrily.
Found 20 stones.
Found a stone staircase leading down.
There is a stone staircase leading up here.
A crimson imp comes into view.
The adder moves out of view.
Found 8 gold pieces.
The adder bites you but does no damage.
A worker ant comes into view.
The adder barely misses you.
The worker ant twitches its antennae in your direction.
Are you sure you want to abandon this character and quit the game? (Confirm with "yes".)
Okay, then.
Unknown command.
Unknown command.
Are you sure you want to abandon this character and quit the game? (Confirm with "yes".)

########
#.@..a.#
#S####.#
#.####.###
###.........
#...........
#.##S..(....
#..<........
#...........
.....##.......$


You could see a worker ant and an adder.

Vanquished Creatures
  A gnoll (D:3)
  An orc (D:3)
  A bat (D:1)
  A hobgoblin (D:3)
  A jackal (D:3)
  A rat (D:1)
6 creatures vanquished.

Notes
Turn   | Place    | Note
-------+----------+-------------------------------------------
     0 | D:1      | tidbits the Draconian Earth Elementalist began the quest for the Orb.
     0 | D:1      | Reached XP level 1. HP: 14/14 MP: 3/3
    87 | D:3      | Reached skill level 2 in Dodging
    87 | D:3      | Reached skill level 2 in Stealth
    87 | D:3      | Reached XP level 2. HP: 10/20 MP: 0/5
    91 | D:3      | Learned a level 2 spell: Passwall
   259 | D:4      | Noticed a phantom
   294 | D:5      | Entered Level 5 of the Dungeon
   295 | D:5      | Noticed a crimson imp
   302 | D:5      | Quit the game

Skill      XL: |  1 |
---------------+----+-----
Dodging        | 2 |  2.0
Stealth        | 2 |  2.1
Spellcasting   | |  2.2
Transmutations | |  1.0
Earth Magic    | |  3.2

Action                   || total
-------------------------++-------
Melee: Unarmed           ||     1
       Flail             ||     3
 Cast: Sandblast         ||    12
Armor: Skin              ||     4
Dodge: Dodged            ||     7

Table legend:
 A = Turns spent in this place as a percentage of turns spent in the entire game.
 B = Non-inter-level travel turns spent in this place as a percentage of non-inter-level travel turns spent in the entire game.
 C = Inter-level travel turns spent in this place as a percentage of turns spent in this place.
 D = Turns resting spent in this place as a percentage of non-inter-level travel turns spent in this place.
 E = Turns spent auto-exploring this place as a percentage of non-inter-level travel turns spent in this place.
 F = Non-inter-level travel turns spent in this place divided by the number of levels of this place that you've seen.
                   A       B       C       D       E      F
               +-------+-------+-------+-------+-------+----------------------
         Total | 100.0 | 100.0 |   0.0 |   0.0 |   0.0 |  60.4
       Dungeon | 100.0 | 100.0 |   0.0 |   0.0 |   0.0 |  60.4
               +-------+-------+-------+-------+-------+----------------------

Table legend:
 A = Kills in this place as a percentage of kills in entire the game.
 B = Kills by you in this place as a percentage of kills by you in the entire game.
 C = Kills by friends in this place as a percentage of kills by friends in the entire game.
 D = Other kills in this place as a percentage of other kills in the entire game.
 E = Experience gained in this place as a percentage of experience gained in the entire game.
 F = Experience gained in this place divided by the number of levels of this place that you have seen.
                   A       B       C       D       E      F
               +-------+-------+-------+-------+-------+----------------------
         Total | 100.0 | 100.0 |   N/A |   N/A | 100.0 |   4.8
       Dungeon | 100.0 | 100.0 |   N/A |   N/A | 100.0 |   4.8
               +-------+-------+-------+-------+-------+----------------------

Vault maps used:
D:1:      onia_arrival_mini_maze, serial_forest, infiniplex_forest_lined_ring,
          infiniplex_forest_lined_2, infiniplex_forest_corner_1,
          infiniplex_forest_lined_3_way, infiniplex_forest_lined_room_2,
          infiniplex_forest_lined_4_way, patterned_corridor
D:2:      fiery_altar_vehumet, nemelex_xobeh_ov_fountains_minmay, first_ration,
          kennysheep_another_room
D:3:      lemuel_round_altar
D:4:      serial_shops, shop
D:5:      minmay_temple_entry_junction_2, uniq_edmund
